 Dungeon Crawl Stone Soup version 0.23-a0-512-g50a8178 (webtiles) character file.

313006 aurelian the Executioner (level 22, -19/183 HPs)
             Began as a Human Berserker on Dec 4, 2018.
             Was the Champion of Trog.
             Killed from afar by a deep troll earth mage (22 damage)
             ... with a blast of metal fragments
             ... led by an ironheart preserver
             ... on level 4 of the Vaults.
             The game lasted 01:37:52 (46392 turns).

aurelian the Executioner (Human Berserker)         Turns: 46392, Time: 01:37:53

Health: -19/183    AC: 29    Str: 24    XL:     22   Next: 26%
Magic:  0/28       EV: 17    Int:  6    God:    Trog [******]
Gold:   2738       SH:  0    Dex: 16    Spells: 21/21 levels left

rFire    + . .     SeeInvis .   a - +9 executioner's axe (vamp) {!w}
rCold    . . .     Gourm    .   (shield currently unavailable)
rNeg     + + +     Faith    .   o - +8 fire dragon scales of the Tormentor {+Fly rF++ rC- rN+++ rCorr Int-5}
rPois    .         Spirit   +   r - +1 hat
rElec    .         Reflect  .   U - scarf {repulsion}
rCorr    +         Harm     .   b - +2 pair of gloves {Dex+3}
MR       ++...                  O - +1 pair of boots
Stlth    ..........             I - amulet of guardian spirit
HPRegen  0.40/turn              L - ring of ice
MPRegen  0.21/turn              l - ring of protection from magic

@: very slightly contaminated, hasted, repel missiles, very quick
A: no striking features
}: 2/15 runes: decaying, serpentine
a: Berserk, Trog's Hand, Brothers in Arms, Renounce Religion, Evoke Flight


You were on level 4 of the Vaults.
You worshipped Trog.
Trog was exalted by your worship.
You were not hungry.

You visited 6 branches of the dungeon, and saw 34 of its levels.
You also visited: Volcano and Wizlab.

You collected 3528 gold pieces.
You spent 790 gold pieces at shops.

Inventory:

Hand Weapons
 a - a +9 vampiric executioner's axe (weapon) {!w}
   (Trog gifted it to you on level 3 of the Lair of Beasts)
 T - a +2 broad axe of flaming
   (You found it in a volcano)
 X - the +11 war axe of Tosuhiukh {drain, rElec rF+}
   (You found it on level 4 of the Snake Pit)

   A truly terrible weapon, it drains the life of those it strikes.
   It protects you from fire.
   It insulates you from electricity.
Missiles
 h - 44 tomahawks (quivered)
 C - 6 javelins
 J - 5 throwing nets {!f}
 R - 4 poisoned tomahawks
Armour
 b - a +2 pair of gloves of dexterity (worn)
   (You found it on level 2 of the Dungeon)
 o - the +8 fire dragon scales of the Tormentor (worn) {+Fly rF++ rC- rN+++ rCorr Int-5}
   (You took it off an orc warrior on level 9 of the Dungeon)

   It affects your intelligence (-5).
   It greatly protects you from fire.
   It makes you vulnerable to cold.
   It renders you almost immune to negative energy.
   It lets you fly.
   It provides partial protection from all sources of acid and corrosion.
 r - a +1 hat (worn)
   (You found it on level 2 of the Dungeon)
 O - a +1 pair of boots (worn)
   (You found it on level 12 of the Dungeon)
 P - a +1 cloak
   (You found it on level 2 of the Dungeon)
 U - a scarf of repulsion (worn)
   (You acquired it on level 1 of the Vaults)
Jewellery
 l - a ring of protection from magic (right hand)
   (You found it on level 4 of the Swamp)
 m - an uncursed ring of fire
   (You found it on level 5 of the Lair of Beasts)
 p - a +4 ring of evasion
   (You found it on level 4 of the Dungeon)
 y - an uncursed ring of resist corrosion
   (You found it on level 3 of the Dungeon)
 z - an uncursed ring of see invisible
   (You found it on level 8 of the Dungeon)
 E - the ring of Fatigue {Fire *Contam rN+ MR+ Str+7 Dex+3}
   (You found it on level 2 of the Vaults)

   [ring of fire]

   It enhances your fire magic.
   It affects your strength (+7).
   It affects your dexterity (+3).
   It protects you from fire.
   It makes you vulnerable to cold.
   It protects you from negative energy.
   It affects your resistance to hostile enchantments.
   It causes magical contamination when unequipped.
 I - an amulet of guardian spirit (around neck)
   (You found it on level 9 of the Dungeon)
 L - a ring of ice (left hand)
   (You took it off Fannar on level 3 of the Lair of Beasts)
 Q - a +4 ring of protection
   (You found it on level 3 of the Swamp)
Wands
 c - a wand of disintegration (12)
   (You found it on level 4 of the Swamp)
 d - a wand of iceblast (23)
   (You found it on level 1 of the Lair of Beasts)
 t - a wand of flame (55)
   (You took it off Pikel on level 4 of the Dungeon)
 u - a wand of paralysis (27)
   (You found it on level 8 of the Dungeon)
 v - a wand of digging (14)
   (You took it off Terence on level 2 of the Dungeon)
 D - a wand of polymorph (5)
   (You took it off Natasha on level 3 of the Dungeon)
 F - a wand of scattershot (3)
   (You found it on level 1 of the Swamp)
 Y - a wand of enslavement (39)
   (You found it on level 11 of the Dungeon)
Scrolls
 g - 8 scrolls of enchant armour
 j - a scroll of silence
 n - 18 scrolls of identify {@r1}
 q - 8 scrolls of remove curse {@r2}
 w - 19 scrolls of teleportation {@r4}
 K - 2 scrolls of fog
 Z - 4 scrolls of magic mapping
Potions
 f - 11 potions of might
 i - 3 potions of magic
 k - 6 potions of mutation {!q}
 s - 4 potions of cancellation
 B - 5 potions of haste {@q3}
 G - 17 potions of curing {@q1}
 H - 2 potions of ambrosia
 M - 3 potions of agility
 N - 2 potions of heal wounds {@q2}
Miscellaneous
 A - 4 phantom mirrors
 S - a fan of gales
   (You found it on level 9 of the Dungeon)
 V - 3 sacks of spiders
Comestibles
 e - 57 rations {!d}
 W - 15 chunks of flesh


   Skills:
 + Level 17.7 Fighting
 * Level 23.4 Axes
 + Level 17.1 Armour
 - Level 10.0 Dodging
 - Level 8.0 Evocations


You had 21 spell levels left.
You didn't know any spells.
Your spell library was empty.

Dungeon Overview and Level Annotations

Branches:
Dungeon (14/15)            Temple (0/1) D:4            Lair (6/6) D:9
  Swamp (4/4) Lair:4        Snake (4/4) Lair:2        Slime (0/5) Lair:6
    Orc (2/2) D:12            Elf (0/3) Orc:2        Vaults (4/5) D:13
  Crypt (0/3) Vaults:2

Altars:
Ashenzari
Fedhas
Gozag
Kikubaaqudgha
Makhleb
Nemelex Xobeh
Ru
Yredelemnul
The Shining One
Beogh

Shops:
D:10 (   Orc:2 *(!(   Snake:1 *   Vaults:1 **(   Vaults:3 *

Annotations:
D:1 exclusion: downstairs
D:2 exclusion: downstairs
D:4 1 runed door, Toan's ghost, amateur HOMo
D:9 1 runed door, boy's ghost, novice GrBe
D:13 2 transporters, tuf08440's ghost, journeyman DsGl
Lair:1 exclusion: downstairs
Swamp:1 exclusion: downstairs
Vaults:2 3 runed doors


Message History

The deep troll shaman claws you!
* * * LOW HITPOINT WARNING * * *
The deep troll shaman misses you.
The deep troll shaman barely misses you. x2
The deep troll shaman claws you but does no damage.
The deep troll earth mage misses you. The deep troll earth mage claws you!
* * * LOW HITPOINT WARNING * * *
The deep troll earth mage claws you!
* * * LOW HITPOINT WARNING * * *
Unknown command.
You feel yourself speed up.
The deep troll shaman completely misses you.
The deep troll shaman claws you but does no damage. x2
The deep troll earth mage bites you but does no damage.
The deep troll earth mage barely misses you.
The deep troll earth mage claws you but does no damage.
The deep troll shaman bites you but does no damage.
The deep troll shaman claws you.
* * * LOW HITPOINT WARNING * * *
The deep troll shaman claws you but does no damage.
The deep troll shaman bites you but does no damage.
The deep troll shaman claws you!
* * * LOW HITPOINT WARNING * * *
The deep troll shaman claws you but does no damage.
Unknown command.
You feel much better.
The deep troll earth mage completely misses you.
The deep troll earth mage claws you but does no damage.
The deep troll earth mage misses you. The deep troll shaman bites you!!
* * * LOW HITPOINT WARNING * * *
The deep troll shaman barely misses you.
The deep troll shaman claws you!!
* * * LOW HITPOINT WARNING * * *
The deep troll shaman utters an invocation to its god.
The deep troll shaman is healed somewhat.
Unknown command.
You feel much better. The deep troll earth mage misses you.
The deep troll earth mage claws you!
* * * LOW HITPOINT WARNING * * *
The deep troll earth mage claws you!!
* * * LOW HITPOINT WARNING * * *
The deep troll shaman completely misses you.
The deep troll shaman claws you but does no damage.
The deep troll shaman claws you!
* * * LOW HITPOINT WARNING * * *
Blink to where?
You are very lightly contaminated with residual magic.
As you read the scroll of blinking, it crumbles to dust.
The metal wall shatters!
The blast of metal fragments hits you!
You die...

#......# ###
######'################## #..
#.......................# #.(
#.......................######.#
#.......................+..#.(.#
#...#############.......#..###.#
#..## ######......'..#...# ##..#
##..###......'..###.# .#..#
##.T.@##......#..#)#.# .#..#
#T§##..#....).)).#.#.# .'..#
#TT####.#.....(#....... .#..#
#..# ##.#......#....(.. .#..#
#..# ##..#...).)######## .#..#
...# ##..##..)...# #..) .#..#
#..# ##..###......# #...
##..##### #..####......# #...
##...########'####.......# #...


You could see a deep troll and 2 deep troll shamans.

Vanquished Creatures
  Mennas (Vaults:2)
  Margery (Vaults:2)
  Jory (Vaults:3)
  A tentacled monstrosity (Vaults:2)
  Agnes (Snake:1)
  A sphinx (Vaults:3)
  4 thorn hunters
  Kirke (Snake:1)
  9 nagarajas
  A frost giant (Vaults:4)
  4 vault wardens
  A cacodemon (Vaults:2)
  An orc warlord (Orc:2)
  8 ironheart preservers
  Louise (D:14)
  A war gargoyle (Vaults:1)
  An entropy weaver (Vaults:1)
  4 stone giants
  2 ettins
  2 great orbs of eyes (Vaults:3)
  2 fire dragons
  A yaktaur captain (Vaults:3)
  15 naga warriors
  Fannar (Lair:3)
  4 rakshasas
  19 hydras
  Harold (Lair:1)
  3 ice dragons
  12 vault guards
  11 anacondas
  A shambling mangrove (Swamp:3)
  A ghost crab (Swamp:1)
  13 ogre magi
  47 two-headed ogres
  5 centaur warriors
  A queen ant (Lair:2)
  13 alligators
  A deep troll earth mage (Vaults:3)
  10 naga sharpshooters
  4 orc high priests (Orc:2)
  2 deep elf knights
  Sonja (Lair:3)
  3 shock serpents
  3 skeletal warriors (Vaults:2)
  3 salamander mystics
  4 deep trolls
  A spriggan druid (Swamp:1)
  9 naga ritualists
  2 hell knights (Vaults:2)
  7 unseen horrors
  A flayed ghost (Vaults:2)
  3 wizards
  A tengu zombie (Vaults:2)
  9 swamp dragons
  A deep elf archer (Vaults:4)
  9 ironbrand convokers
  Pikel (D:4)
  4 necromancers (Vaults:2)
  7 orc sorcerers
  7 mana vipers
  3 lindwurms
  14 orc knights
  3 wolf spiders
  A sphinx zombie (Vaults:2)
  4 cyclopes
  4 deep elf magi (Vaults:3)
  20 ugly things
  4 manticores
  12 salamanders
  A sphinx skeleton (Vaults:2)
  A toenail golem (Volcano)
  56 black mambas
  5 guardian serpents
  3 human skeletons (Vaults:2)
  A guardian serpent (shapeshifter) (Vaults:1)
  27 naga magi
  5 elephants (Lair:6)
  An ice statue (Swamp:2)
  4 molten gargoyles
  13 vault sentinels
  26 spiny frogs
  3 gargoyles
  A torpor snail (Lair:3)
  2 freezing wraiths
  A rime drake (shapeshifter) (Vaults:3)
  3 rime drakes
  17 yaktaurs
  9 komodo dragons
  2 efreet
  A tengu conjurer (D:14)
  2 polar bears (shapeshifter)
  A queen bee (shapeshifter) (D:14)
  12 trolls
  3 meliai (D:14)
  A polar bear (Lair:4)
  10 tyrant leeches
  9 hornets
  Prince Ribbit (D:8)
  8 blink frogs
  13 bog bodies
  8 hippogriffs
  12 dream sheep
  A frost giant simulacrum (Vaults:2)
  37 slime creatures
  Sigmund (D:3)
  A spriggan (shapeshifter) (Vaults:1)
  5 basilisks
  4 shadows
  4 fire bats (D:10)
  2 spriggans (Swamp:1)
  5 wyverns
  2 wraiths
  2 fire elementals (Volcano)
  27 yaks
  6 hogs (Snake:1)
  2 steam dragons (Lair:6)
  A basilisk (shapeshifter) (Vaults:3)
  14 vampire mosquitoes
  4 hungry ghosts
  A human zombie (Vaults:2)
  A yaktaur simulacrum (Vaults:2)
  7 wargs
  62 nagas
  19 swamp worms
  3 acid dragons
  11 insubstantial wisps (Swamp:2)
  Duvessa (D:7)
  6 soldier ants
  A soldier ant (shapeshifter) (Vaults:1)
  6 hell hounds
  9 porcupines
  21 water moccasins
  4 ice beasts
  A hornet zombie (D:14)
  2 black bears
  A slave (D:4)
  55 orc warriors
  9 swamp drakes
  5 sky beasts
  42 ogres
  An eye of draining (shapeshifter) (Vaults:1)
  A phantom (D:5)
  10 necrophages
  15 wolves
  An ogre (shapeshifter) (Vaults:2)
  4 centaurs
  12 crocodiles
  5 big kobolds
  22 bullfrogs
  3 earth elementals (Volcano)
  2 wyvern zombies
  Dowan (D:7)
  2 scorpions
  2 wyvern skeletons (D:9)
  10 killer bees
  4 wights (D:9)
  2 electric eels
  A howler monkey (D:4)
  6 lava snakes
  4 crimson imps
  A centaur zombie (D:12)
  3 quasits
  A human simulacrum (Vaults:1)
  4 centaur skeletons
  8 hounds
  17 jellies
  25 orc wizards
  37 orc priests
  Jessica (D:2)
  34 worker ants
  Natasha (thrice) (D:3)
  Terence (D:2)
  10 iguanas
  6 bullfrog skeletons
  A killer bee zombie (D:6)
  A hound zombie (D:5)
  A hound skeleton (D:4)
  3 worker ant zombies
  8 gnolls
  23 adders
  3 shadow imps
  2 oozes
  A worm (D:4)
  2 dart slugs
  6 leopard geckos
  152 orcs
  5 bats
  5 giant cockroaches
  2 hobgoblins (D:3)
  6 jackals (D:4)
  7 quokkas
  4 ball pythons
  A frilled lizard (shapeshifter) (Vaults:2)
  6 frilled lizards
  8 goblins
  14 kobolds
  A quokka skeleton (D:6)
  A quokka zombie (D:6)
  11 rats
  6 briar patches (Swamp:2)
  3 fire vortices
  5 fungi
  4 plants
1552 creatures vanquished.

Vanquished Creatures (collateral kills)
  Vashnia (Snake:2)
  Saint Roka (Snake:2)
  Nikola (Swamp:4)
  A shambling mangrove (Swamp:4)
  2 two-headed ogres (Vaults:2)
  A naga sharpshooter (Snake:2)
  An ugly thing (D:12)
  A necromancer (Vaults:2)
  A fire giant skeleton (Vaults:2)
  A spiny frog (Swamp:4)
  A troll (Snake:2)
  2 hornets (Swamp:4)
  A tyrant leech (Swamp:4)
  3 orc warriors (Snake:2)
  An ice beast (D:9)
  A worker ant zombie (D:9)
  2 orcs (Snake:2)
22 creatures vanquished.

Vanquished Creatures (others)
  A fire giant (Vaults:4)
  A spriggan berserker (Swamp:4)
  An orc priest (Orc:2)
  An orc (Orc:2)
  2 briar patches (Swamp:3)
  A fire vortex (D:10)
  3 fungi
  19 plants
29 creatures vanquished.

Grand Total: 1603 creatures vanquished

Notes
Turn   | Place    | Note
-------+----------+-------------------------------------------
     0 | D:1      | aurelian the Human Berserker began the quest for the Orb.
     0 | D:1      | Reached XP level 1. HP: 18/18 MP: 1/1
   209 | D:1      | Reached XP level 2. HP: 22/24 MP: 2/2
   831 | D:1      | Reached XP level 3. HP: 24/29 MP: 3/3
   985 | D:2      | Noticed a necrophage
  1261 | D:2      | Reached ** piety under Trog
  1395 | D:2      | Reached skill level 4 in Axes
  1424 | D:2      | Noticed Jessica
  1444 | D:2      | Killed Jessica
  1444 | D:2      | Reached XP level 4. HP: 8/37 MP: 4/4
  1770 | D:2      | Killed a necrophage
  1770 | D:2      | Reached skill level 5 in Axes
  1770 | D:2      | Reached XP level 5. HP: 41/41 MP: 5/5
  1819 | D:2      | Noticed Terence
  2045 | D:2      | Killed Terence
  2294 | D:2      | Found a faded altar of an unknown god.
  2395 | D:2      | Reached XP level 6. HP: 47/47 MP: 6/6
  2466 | D:2      | Found a blossoming altar of Fedhas.
  2749 | D:2      | Found a shattered altar of Ashenzari.
  3604 | D:3      | Found a sparkling altar of Nemelex Xobeh.
  3655 | D:3      | Reached skill level 6 in Axes
  3665 | D:3      | Noticed Sigmund
  3672 | D:3      | Noticed Natasha
  3830 | D:4      | Found a runed door.
  3849 | D:4      | Noticed Toan's ghost (amateur HOMo)
  4183 | D:4      | Reached XP level 7. HP: 30/54 MP: 7/7
  4575 | D:4      | Reached skill level 5 in Fighting
  4897 | D:4      | Reached skill level 7 in Axes
  5014 | D:4      | Found a staircase to the Ecumenical Temple.
  5240 | D:4      | Reached XP level 8. HP: 55/62 MP: 8/8
  5602 | D:3      | Killed Sigmund
  5825 | D:5      | Entered Level 5 of the Dungeon
  5853 | D:4      | Reached skill level 8 in Axes
  6171 | D:5      | Reached XP level 9. HP: 66/70 MP: 9/9
  6219 | D:5      | Reached *** piety under Trog
  6379 | D:5      | Noticed Pikel
  6404 | D:4      | Killed Pikel
  6404 | D:4      | Reached skill level 9 in Axes
  6660 | D:3      | Killed Natasha
  6664 | D:3      | Noticed Natasha
  6671 | D:3      | Killed Natasha
  6718 | D:3      | Noticed Natasha
  6736 | D:3      | Killed Natasha
  6939 | D:6      | Found a sacrificial altar of Ru.
  7038 | D:6      | Found an opulent altar of Gozag.
  7063 | D:6      | Found a glowing golden altar of the Shining One.
  7762 | D:7      | Reached **** piety under Trog
  7881 | D:7      | Noticed a troll
  8343 | D:7      | Reached skill level 10 in Axes
  8347 | D:7      | Reached XP level 10. HP: 77/78 MP: 10/10
  8808 | D:7      | Reached skill level 5 in Dodging
  9108 | D:7      | Reached skill level 5 in Armour
  9115 | D:7      | Noticed Duvessa
  9116 | D:7      | Noticed Dowan
  9123 | D:7      | Killed Duvessa
  9141 | D:7      | Killed Dowan
  9721 | D:8      | Reached ***** piety under Trog
  9869 | D:8      | Noticed a three-headed hydra
  9882 | D:8      | Killed a three-headed hydra
  9882 | D:8      | Reached skill level 11 in Axes
 10126 | D:8      | Found a burning altar of Makhleb.
 10153 | D:8      | Noticed Prince Ribbit
 10163 | D:8      | Killed Prince Ribbit
 10277 | D:8      | Reached XP level 11. HP: 77/86 MP: 11/11
 10388 | D:8      | Got a pitted leather armour
 10674 | D:9      | Found a staircase to the Lair.
 10896 | D:9      | Noticed a two-headed ogre
 11010 | D:9      | Noticed a two-headed ogre
 11030 | D:9      | Killed a two-headed ogre
 11232 | D:9      | Killed a two-headed ogre
 11403 | D:9      | Reached skill level 12 in Axes
 11416 | D:9      | Found a runed door.
 11534 | D:9      | Noticed a centaur warrior
 11534 | D:9      | Noticed a two-headed ogre
 11537 | D:9      | Noticed a manticore
 11679 | D:9      | Killed a centaur warrior
 11707 | D:9      | Noticed boy's ghost (novice GrBe)
 12000 | D:9      | Killed a manticore
 12190 | D:10     | Entered Level 10 of the Dungeon
 12317 | D:10     | Found Omoiterch's Weapon Emporium.
 12595 | D:10     | Received a gift from Trog
 12595 | D:10     | Reached XP level 12. HP: 86/94 MP: 12/12
 12595 | D:10     | Noticed an unseen horror
 12604 | D:10     | Killed an unseen horror
 13176 | D:11     | Reached skill level 13 in Axes
 13267 | D:11     | Noticed a five-headed hydra
 13294 | D:11     | Killed a one-headed hydra
 13522 | D:11     | Identified the +2 leather armour of the Butterfly {rPois
                  | rF++ MR- Stlth+} (You found it on level 8 of the Dungeon)
 13538 | D:11     | Reached skill level 10 in Fighting
 14095 | Lair:1   | Entered Level 1 of the Lair of Beasts
 14841 | Lair:1   | Reached XP level 13. HP: 71/102 MP: 11/13
 15483 | Lair:2   | Noticed Harold
 15493 | Lair:2   | Noticed a five-headed hydra
 15505 | Lair:1   | Killed Harold
 15662 | Lair:2   | Killed a one-headed hydra
 15662 | Lair:2   | Reached skill level 14 in Axes
 15662 | Lair:2   | Reached skill level 1 in Evocations
 15926 | Lair:2   | Reached ****** piety under Trog
 16096 | Lair:2   | Found a staircase to the Snake Pit.
 16103 | Lair:2   | Received a gift from Trog
 17847 | Lair:3   | Noticed a four-headed hydra
 17865 | Lair:3   | Killed a five-headed hydra
 18157 | Lair:3   | Noticed Sonja
 18164 | Lair:3   | Killed Sonja
 18493 | Lair:3   | Received a gift from Trog
 18521 | Lair:3   | Reached XP level 14. HP: 111/111 MP: 16/16
 18817 | Lair:3   | Noticed Fannar
 18844 | Lair:3   | Killed Fannar
 19400 | Lair:4   | Reached skill level 15 in Axes
 20018 | Lair:4   | Found a staircase to the Swamp.
 20020 | Lair:4   | Reached skill level 10 in Dodging
 20293 | Lair:5   | Reached skill level 10 in Armour
 20472 | Lair:5   | Reached skill level 5 in Evocations
 20903 | Lair:6   | Entered Level 6 of the Lair of Beasts
 21000 | Lair:6   | Found a dark tunnel.
 21009 | Volcano  | Entered a volcano
 21648 | Lair:6   | Found a staircase to the Slime Pits.
 21669 | Lair:6   | Received a gift from Trog
 22642 | Lair:6   | Reached XP level 15. HP: 88/120 MP: 4/19
 22710 | Lair:6   | Found a large runed door.
 22995 | Lair:6   | Found a large runed door.
 23349 | D:9      | Identified the +8 fire dragon scales of the Tormentor {+Fly
                  | rF++ rC- rN+++ rCorr Int-5}
 23388 | D:12     | Reached skill level 16 in Axes
 23549 | D:12     | Received a gift from Trog
 23585 | D:12     | Found a staircase to the Orcish Mines.
 24447 | D:13     | Found a transporter.
 24458 | D:13     | Noticed tuf08440's ghost (journeyman DsGl)
 24459 | D:13     | Found a transporter.
 24563 | D:13     | Found a gate to the Vaults.
 26064 | D:14     | Received a gift from Trog
 26167 | D:14     | Noticed Louise
 26176 | D:14     | Killed Louise
 26565 | Orc:1    | Entered Level 1 of the Orcish Mines
 26742 | Orc:2    | Entered Level 2 of the Orcish Mines
 26752 | Orc:2    | Reached XP level 16. HP: 129/129 MP: 21/21
 26911 | Orc:2    | Found a roughly hewn altar of Beogh.
 26935 | Orc:2    | Reached skill level 17 in Axes
 26989 | Orc:2    | Paralysed by an orc sorcerer for 3 turns
 27403 | Orc:2    | Found Ythenukk's Antique Weapon Boutique.
 27555 | Orc:2    | Found Keexeumn's Distillery.
 27563 | Orc:2    | Received a gift from Trog
 27572 | Orc:2    | Bought a potion of curing for 39 gold pieces
 27572 | Orc:2    | Bought a potion of agility for 52 gold pieces
 27572 | Orc:2    | Bought a potion of might for 52 gold pieces
 27572 | Orc:2    | Bought a potion of heal wounds for 65 gold pieces
 27572 | Orc:2    | Bought a potion of haste for 130 gold pieces
 27572 | Orc:2    | Bought 2 potions of might for 104 gold pieces
 27572 | Orc:2    | Bought a potion of curing for 39 gold pieces
 27572 | Orc:2    | Bought a potion of curing for 39 gold pieces
 27885 | Orc:2    | Found a staircase to the Elven Halls.
 28305 | Orc:2    | Paralysed by an orc sorcerer for 7 turns
 28371 | Orc:2    | Received a gift from Trog
 28415 | Orc:2    | Found Xext's Weapon Boutique.
 28449 | Orc:2    | Found a roughly hewn altar of Beogh.
 28465 | Orc:2    | Found Zaocsuq's General Store.
 29430 | Snake:1  | Entered Level 1 of the Snake Pit
 29750 | Snake:1  | Noticed Kirke
 29774 | Snake:1  | Killed Kirke
 30335 | Snake:1  | Noticed Agnes
 30355 | Snake:1  | Killed Agnes
 30355 | Snake:1  | Reached skill level 18 in Axes
 30640 | Snake:1  | Found Otesix's Assorted Antiques.
 30651 | Snake:1  | Bought a potion of might for 144 gold pieces
 30651 | Snake:1  | Bought a scroll of identify for 72 gold pieces
 30737 | Snake:1  | Reached XP level 17. HP: 106/137 MP: 14/23
 31174 | Snake:2  | Received a gift from Trog
 31651 | Snake:2  | Found an opulent altar of Gozag.
 31697 | Snake:2  | Noticed Saint Roka
 31708 | Snake:2  | Killed Saint Roka
 31714 | Snake:2  | Received a gift from Trog
 32169 | Snake:2  | Noticed Vashnia
 32284 | Snake:2  | Killed Vashnia
 32671 | Swamp:1  | Entered Level 1 of the Swamp
 32723 | Swamp:1  | Noticed a thorn hunter
 32740 | Swamp:1  | Killed a thorn hunter
 33209 | Swamp:1  | Reached skill level 19 in Axes
 33889 | Swamp:2  | Noticed a thorn hunter
 33891 | Swamp:2  | Found a frozen archway.
 34030 | Swamp:2  | Killed a thorn hunter
 34178 | Swamp:2  | Noticed a thorn hunter
 34189 | Swamp:2  | Killed a thorn hunter
 34351 | Swamp:2  | Received a gift from Trog
 35025 | Swamp:2  | Reached XP level 18. HP: 147/147 MP: 24/24
 36521 | Swamp:4  | Entered Level 4 of the Swamp
 36617 | Swamp:4  | Noticed Nikola
 36638 | Swamp:4  | Killed Nikola
 37043 | Swamp:4  | Received a gift from Trog
 37177 | Swamp:4  | Reached skill level 20 in Axes
 37181 | Swamp:4  | Reached skill level 15 in Fighting
 37349 | Swamp:4  | Got a decaying rune of Zot
 38048 | Snake:3  | Received a gift from Trog
 38091 | Snake:3  | Reached XP level 19. HP: 155/155 MP: 23/25
 39002 | Snake:4  | Entered Level 4 of the Snake Pit
 39463 | Snake:4  | Received a gift from Trog
 39613 | Snake:4  | Identified a scroll of acquirement
 39683 | Snake:4  | Reached skill level 15 in Armour
 39693 | Snake:4  | Reached skill level 21 in Axes
 39851 | Snake:4  | Received a gift from Trog
 40022 | Snake:4  | Got a serpentine rune of Zot
 40307 | Snake:4  | Identified the +11 war axe of Tosuhiukh {drain, rElec rF+}
                  | (You found it on level 4 of the Snake Pit)
 40749 | Vaults:1 | Entered Level 1 of the Vaults
 40909 | Vaults:1 | Reached XP level 20. HP: 162/164 MP: 22/26
 41148 | Vaults:1 | Received a gift from Trog
 41339 | Vaults:1 | Found Muasa's General Store.
 41348 | Vaults:1 | Bought a scroll of teleportation for 54 gold pieces
 41474 | Vaults:1 | Found Oschihuel's Assorted Antiques.
 41698 | Vaults:1 | Received a gift from Trog
 41705 | Vaults:1 | Found Aceracosty's Weapon Shop.
 42440 | Vaults:2 | Reached skill level 22 in Axes
 42473 | Vaults:2 | Noticed Mennas
 42488 | Vaults:2 | Killed Mennas
 42590 | Vaults:2 | Found a magical portal.
 42593 | WizLab   | Entered Doroklohe's Tomb
 42799 | WizLab   | Noticed an ancient lich
 43020 | Vaults:2 | Noticed Margery
 43039 | Vaults:2 | Killed Margery
 43422 | Vaults:2 | Received a gift from Trog
 43425 | Vaults:2 | Got a dazzling hunting sling {god gift}
 43426 | Vaults:2 | Identified the +8 hunting sling of Ragnarok {velocity, rF+
                  | Str+3} (Trog gifted it to you on level 2 of the Vaults)
 43527 | Vaults:2 | Got a slimy glass ring
 43587 | Vaults:2 | Reached XP level 21. HP: 173/173 MP: 27/27
 43676 | Vaults:2 | Found a staircase to the Crypt.
 43676 | Vaults:2 | Found an ancient bone altar of Kikubaaqudgha.
 43677 | Vaults:2 | Found a basalt altar of Yredelemnul.
 43834 | Vaults:2 | Identified the ring of Fatigue {Fire *Contam rN+ MR+ Str+7
                  | Dex+3} (You found it on level 2 of the Vaults)
 44031 | Vaults:2 | Found a runed gate.
 44031 | Vaults:2 | Found a runed gate.
 44031 | Vaults:2 | Found a runed gate.
 44547 | Vaults:3 | Received a gift from Trog
 45046 | Vaults:3 | Reached skill level 23 in Axes
 45094 | Vaults:3 | Found Joeskob's General Store.
 45620 | Vaults:3 | Noticed Jory
 45634 | Vaults:3 | Killed Jory
 45634 | Vaults:3 | Received a gift from Trog
 45910 | Vaults:4 | Reached XP level 22. HP: 177/182 MP: 25/28
 46391 | Vaults:4 | HP: 3/183 [deep troll shaman[an ironheart preserver] (12)]
 46392 | Vaults:4 | Killed from afar by a deep troll earth mage

Vault maps used:
D:1:      dpeg_arrival_ratfight
D:2:      minmay_spotlight, fedhas_ov_isle_minmay,
          ashenzari_conservatory_becter, chequers_ecumenical_altar_simple,
          first_ration, minmay_tetromino_t2, uniq_jessica, uniq_terence
D:3:      nemelex_altar_shiori, minmay_misc_feat_cross, due_unseen_surprise,
          uniq_natasha, uniq_sigmund
D:4:      minmay_razor_zed, minmay_temple_entry_statues,
          hellmonk_ghost_happy_afterlife
D:5:      kennysheep_nub, uniq_pikel
D:6:      overflow_temple_1_default, overflow_temple_1_default,
          nicolae_gozag_seed_capital
D:7:      uniq_duvessa
D:8:      makhleb_heckhound_becter, hangedman_ranch, minmay_misc_feat_pillars,
          corexii_checkpoint_b, uniq_prince_ribbit1
D:9:      minmay_the_grid_square_5x5_3x3, david_lair_shrubbed,
          ebering_ghost_reflecting_pool
D:10:     serial_shops, shop_statue, hangedman_incinerator
D:11:     minmay_fractal_squares_5
D:12:     cheibrodos_helix_gallery, david_orc_4
D:13:     erik_vaults_2, gammafunk_ghost_mausoleum, st_stairs_7
D:14:     nicolae_wwwww, grunt_decor_fettered, uniq_louise
Lair:1:   serial_forest, infiniplex_forest_end_2, infiniplex_forest_clump_long,
          infiniplex_forest_3_way, infiniplex_forest_clump_tiny,
          infiniplex_forest_clump_cross, infiniplex_forest_zigzag_1,
          infiniplex_forest_straight_2, infiniplex_forest_straight_3,
          infiniplex_forest_lined_2, beast_lair_carwin_7, serial_bayou_shore_a,
          lemuel_fruit_tree
Lair:2:   minmay_snake_entry_six_corridors, zaba_antful_of_joy, uniq_harold
Lair:3:   roderic_carrion_pond, grunt_megastairs_1, uniq_fannar, uniq_sonja
Lair:4:   nicolae_swamp_entry_splash_gauntlet, infiniplex_staircase_pool
Lair:6:   cheibrodos_lair_end_hotspot, minmay_slime_entry_jelly_boxes,
          enter_volcano_1
Swamp:1:  evilmike_swamp_ruin_house_2
Swamp:2:  portal_ice_cave_entry_ice_statue_two, evilmike_swamp_ruin_house_1,
          swamp_pool1
Swamp:3:  evilmike_swamp_ruin_house_3
Swamp:4:  swamp_basic_johnstein, uniq_nikola
Snake:1:  serial_shops, nicolae_shop_overgrown_old_shop, uniq_agnes, uniq_kirke
Snake:2:  basic_altar, uniq_saint_roka, uniq_vashnia
Snake:3:  nicolae_snake_nest
Snake:4:  minmay_snake_end_coiled, grunt_megastairs_4
Orc:1:    nicolae_orc_rockfall
Orc:2:    pubby_orc_utopia, serial_shops
Vaults:1: st_star, nicolae_vaults_diagonal_hallway_8, vaults_mumra_chevron,
          v_pattern_5, hangedman_vaults_corner_blocks, ontoclasm_vaults_twist,
          vaults_room_door_hall, nicolae_vaults_mini_display_case,
          nicolae_vaults_diagonal_hallway_9,
          hangedman_vaults_stretched_pinwheel, ontoclasm_vaults_hangar,
          v_alt_pattern_2, hangedman_vaults_maws, v_misc_5, serial_shops, shop,
          shop_fountains, shop
Vaults:2: ploomutoo_gammafunk_vaults_potion_laboratory,
          nicolae_vaults_triangles, vaults_standard_mumra_x,
          minmay_crypt_entry_necro_gods, v_misc_12, v_misc_5, v_misc_30,
          ontoclasm_vaults_ring_square, v_misc_26, ontoclasm_vaults_hangar,
          v_misc_14, vaults_dpeg_cross, vaults_room_grid,
          vaults_room_ringed_pool, ontoclasm_vaults_ring_small,
          nicolae_vaults_little_squares_4, hangedman_vaults_stretched_pinwheel,
          mu_enter_wizlab_7, uniq_margery, uniq_mennas, uniq_jory
Vaults:3: vaults_mumra_hex, nicolae_vaults_network_barrier,
          nicolae_vaults_big_angled_halls, vaults_room_semicircle,
          ontoclasm_vaults_ring_large, nicolae_vaults_little_squares_4,
          nicolae_vaults_alarming, serial_shops, nicolae_shop_stone
Vaults:4: nicolae_vaults_big_angled_halls, v_misc_12, grunt_vaults_twisty,
          nicolae_vaults_network_s, v_misc_11, vaults_dpeg_encased_lava,
          ontoclasm_vaults_bender, ontoclasm_vaults_idyll,
          vaults_mumra_minichess_inversion, nicolae_vaults_twisting_passages,
          ontoclasm_vaults_gateway, nicolae_vaults_shelves_hall, v_misc_8,
          uniq_mara, uniq_xtahua
Volcano:  volcano_aerie
WizLab:   wizlab_doroklohe

Skill      XL: |  1  2  3  4  5  6  7  8  9 10 11 12 13 14 15 16 17 18 19 20 21 22 |
---------------+-------------------------------------------------------------------+-----
Axes           | 4 5 6 7 8 10 11 12 13 14 15 16 18 19 20 21 22 23 | 23.4
Fighting       | 4 5 6 7 8 9 10 11 12 13 14 15 16 17 | 17.7
Dodging        | 4 6 7 8 9 10 | 10.0
Armour         | 4 5 7 8 9 10 11 12 13 14 15 16 17 | 17.1
Evocations     | 3 6 7 8 |  8.0

Action                   |  1- 3 |  4- 6 |  7- 9 | 10-12 | 13-15 | 16-18 | 19-21 | 22-24 || total
-------------------------+-------+-------+-------+-------+-------+-------+-------+-------++-------
Melee: Hand axe          |    87 |   184 |   381 |    83 |    11 |       |       |       ||   746
       War axe           |       |       |    60 |    77 |       |       |       |       ||   137
       Rapier            |       |       |       |   149 |       |       |       |       ||   149
       Battleaxe         |       |       |       |   313 |   298 |       |       |       ||   611
       Executioner's axe |       |       |       |       |   656 |  1134 |  1160 |    93 ||  3043
Throw: Stone             |     3 |     8 |       |       |       |       |       |       ||    11
Invok: Berserk           |     1 |     5 |     3 |     5 |     3 |     4 |     1 |       ||    22
       Trog's Hand       |       |     1 |     1 |       |     7 |    12 |    16 |       ||    37
       Brothers in Arms  |       |       |       |       |     1 |     2 |     3 |       ||     6
Evoke: Wand              |       |       |       |     2 |    11 |    60 |       |       ||    73
       Fan of gales      |       |       |       |       |       |     1 |       |       ||     1
  Use: Scroll            |     1 |    11 |     1 |    15 |    19 |     6 |     8 |     1 ||    62
       Potion            |       |       |       |       |     6 |     5 |       |     3 ||    14
 Stab: Paralysed         |       |       |       |       |     1 |     8 |       |       ||     9
       Confused          |       |       |       |       |       |     2 |       |       ||     2
       Distracted        |       |       |       |       |       |     1 |     2 |       ||     3
       Invisible         |       |       |       |       |       |     1 |       |       ||     1
  Eat: Chunk             |     2 |    13 |    18 |    29 |    37 |    36 |    25 |     1 ||   161
       Ration            |       |       |       |       |     5 |     3 |     3 |       ||    11
Armor: Animal skin       |    23 |    23 |       |       |       |       |       |       ||    46
       Chain mail        |       |    59 |   196 |    26 |       |   198 |       |       ||   479
       Plate armour      |       |       |       |   260 |   463 |       |       |       ||   723
       Fire dragon scale |       |       |       |       |    51 |    92 |   366 |    41 ||   550
       Swamp dragon scal |       |       |       |       |       |   254 |   174 |       ||   428
Dodge: Dodged            |    71 |    59 |   256 |   459 |   932 |  1298 |  1034 |    67 ||  4176
       Deflected         |       |       |       |       |       |       |    15 |     4 ||    19

Table legend:
 A = Non-vault XP
 B = Vault XP
 C = Vault XP percentage of total XP
 D = Non-vault monster count
 E = Vault monster count
 F = Vault count percentage of total count
                 A         B        C        D         E       F
            +---------+---------+-------+---------+---------+-------
      Total |  330956 |  194059 |  37.0 |    1011 |     545 |  35.0
            +---------+---------+-------+---------+---------+-------
        D:1 |      27 |       5 |  15.6 |      18 |       5 |  21.7
        D:2 |     221 |      85 |  27.8 |      18 |       6 |  25.0
        D:3 |     209 |     259 |  55.3 |      16 |       2 |  11.1
        D:4 |     388 |     945 |  70.9 |      22 |       9 |  29.0
        D:5 |     719 |       0 |   0.0 |      28 |       0 |   0.0
        D:6 |     677 |       0 |   0.0 |      20 |       0 |   0.0
        D:7 |    1294 |     234 |  15.3 |      25 |       2 |   7.4
        D:8 |     601 |    2504 |  80.6 |      13 |      12 |  48.0
        D:9 |    3548 |    2621 |  42.5 |      34 |      10 |  22.7
       D:10 |    2744 |    1030 |  27.3 |      27 |       7 |  20.6
       D:11 |    3777 |    1957 |  34.1 |      33 |       6 |  15.4
       D:12 |    7728 |    7533 |  49.4 |      45 |      23 |  33.8
       D:13 |    3382 |    4099 |  54.8 |      19 |       7 |  26.9
       D:14 |    9339 |    1581 |  14.5 |      37 |       1 |   2.6
     Lair:1 |    2407 |    3929 |  62.0 |       9 |      13 |  59.1
     Lair:2 |    3278 |    4997 |  60.4 |      15 |      47 |  75.8
     Lair:3 |    6458 |    3525 |  35.3 |      26 |      12 |  31.6
     Lair:4 |    4086 |    1151 |  22.0 |      21 |       6 |  22.2
     Lair:5 |    4843 |       0 |   0.0 |      20 |       0 |   0.0
     Lair:6 |    5093 |    8652 |  62.9 |      20 |      41 |  67.2
    Swamp:1 |   12900 |       0 |   0.0 |      30 |       0 |   0.0
    Swamp:2 |   19004 |    1427 |   7.0 |      41 |       2 |   4.7
    Swamp:3 |   16282 |       0 |   0.0 |      32 |       0 |   0.0
    Swamp:4 |   10268 |   12744 |  55.4 |      33 |      17 |  34.0
    Snake:1 |   19463 |    5556 |  22.2 |      37 |       8 |  17.8
    Snake:2 |   15812 |    9515 |  37.6 |      26 |      13 |  33.3
    Snake:3 |   26472 |       0 |   0.0 |      57 |       0 |   0.0
    Snake:4 |   27562 |   25142 |  47.7 |      49 |      49 |  50.0
      Orc:1 |    1763 |       0 |   0.0 |      20 |       0 |   0.0
      Orc:2 |       0 |   18521 | 100.0 |       0 |     140 | 100.0
   Vaults:1 |   23088 |   24448 |  51.4 |      60 |      39 |  39.4
   Vaults:2 |   25080 |   31056 |  55.3 |      47 |      35 |  42.7
   Vaults:3 |   53889 |    6769 |  11.2 |      90 |       7 |   7.2
   Vaults:4 |   18554 |   10226 |  35.5 |      23 |      15 |  39.5
    Volcano |       0 |    3548 | 100.0 |       0 |      11 | 100.0
            +---------+---------+-------+---------+---------+-------
